Kradschützen Motorcycle Team
Construct Light Support Kompanie
Construct Mechanized Kompanie
Marder III Tank Destroyer
Kradschützen Motorcycle Team
Marder III Tank Destroyer
Selects Panzerjäger Kommand Battlegroup
Selects Defensive Positions
Selects Butterfly Bomb Drop
254 Reconnaissance Tractor
Construct Panzerarmee Kommand
Walking Stuka Rocket Launcher
Selects Crew Shock Tactics
Walking Stuka Rocket Launcher
Marder III Tank Destroyer
Marder III Tank Destroyer
Marder III Tank Destroyer
Selects Anti-tank Overwatch
Marder III Tank Destroyer
Marder III Tank Destroyer
Flak 36 Anti-tank Gun Team
Marder III Tank Destroyer